 Dungeon Crawl Stone Soup version 0.32-a0-818-gb728d0252e (webtiles) character file.

Game seed: 9671592078883689168

22179 shadizar the Destroyer (level 12, -6/138 HPs)
             Began as a Gnoll Conjurer on Mar 23, 2024.
             Was a Priest of Vehumet.
             Mangled by a minotaur (12 damage)
             ... in a Gauntlet.
             The game lasted 00:40:23 (22200 turns).

shadizar the Destroyer (Gnoll Conjurer)            Turns: 22200, Time: 00:40:24

Health: -6/138     AC: 16    Str: 10    XL:     12   Next: 97%
Magic:  2/25       EV: 12    Int: 25    God:    Vehumet [***...]
Gold:   915        SH:  5    Dex: 13    Spells: 19/30 levels left

rFire   + + .        E - +6 whip "Demon's Death" {venom, rElec}
rCold   . . .        (no shield)
rNeg    . . .        v - +0 swamp dragon scales
rPois   +            j - +0 helmet
rElec   +            n - +1 cloak
rCorr   +            q - +0 pair of gloves
SInv    .            c - +0 pair of boots
Will    ++...        J - amulet of Trepidation {Reflect Regen+ rCorr Str+3 Dex+3 SH+5} Stlth
                     y - ring of protection from fire
HPRegen 1.23/turn    a - ring of the Well-Known Ears {^Drain rPois rF+ Will++ Int+2}
MPRegen 0.19/turn

%: no teleportation, reflection
@: berserking, very quick
A: fangs 1, strong nose, distributed training
a: Renounce Religion


You were in a Gauntlet.
You worshipped Vehumet.
Vehumet was most pleased with you.
You visited 4 branches of the dungeon, and saw 15 of its levels.
You also visited: Bailey and Gauntlet.

You collected 915 gold pieces.

Inventory:

Hand Weapons
 b - the +2 mace "Upledde" {drain, SInv}
   (You found it on level 6 of the Dungeon)

   SInv:      It lets you see invisible.
 g - a +2 dagger of venom
 E - the +6 whip "Demon's Death" (weapon) {venom, rElec}
   (You found it on level 11 of the Dungeon)

   rElec:     It insulates you from electricity.
 I - the +2 mace of Luxury {freeze, rC+}
   (You found it in a Gauntlet)

   rC+:       It protects you from cold.
Armour
 c - a +0 pair of boots (worn)
 j - a +0 helmet (worn)
 n - a +1 cloak (worn)
 q - a +0 pair of gloves (worn)
 r - the +2 scale mail of Refuge {Fly Regen+ Str-3 Dex+8 Stlth-}
   (You found it on level 4 of the Dungeon)

   Str-3:     It affects your strength (-3).
   Dex+8:     It affects your dexterity (+8).
   Fly:       It grants you flight.
   Regen+:    It increases your rate of health regeneration.
   Stlth-:    It makes you less stealthy.
 v - +0 swamp dragon scales (worn)
 A - a +2 ring mail of cold resistance
 B - a scarf of harm
 F - a +2 robe of fire resistance
 H - the +1 hat "Zaafikh" {rPois rC- Regen+ rCorr Str-3}
   (You found it in a Gauntlet)

   Str-3:     It affects your strength (-3).
   rC-:       It makes you vulnerable to cold.
   rPois:     It protects you from poison.
   Regen+:    It increases your rate of health regeneration.
   rCorr:     It protects you from acid and corrosion.
 K - the +5 hat of the Well-Known Mouths {rElec rCorr Str-4 Int+4}
   (You found it in a Gauntlet)

   Str-4:     It affects your strength (-4).
   Int+4:     It affects your intelligence (+4).
   rElec:     It insulates you from electricity.
   rCorr:     It protects you from acid and corrosion.
Magical Staves
 G - a staff of conjuration
Jewellery
 a - the ring of the Well-Known Ears (right hand) {^Drain rPois rF+ Will++ Int+2}
   (You took it off a centaur on level 9 of the Dungeon)

   [ring of poison resistance]

   Int+2:     It affects your intelligence (+2).
   rF+:       It protects you from fire.
   rPois:     It protects you from poison.
   Will++:    It greatly increases your willpower.
   ^Drain:    It drains your maximum health when unequipped.
 f - an amulet of guardian spirit
 w - a ring of flight
 y - a ring of protection from fire (left hand)
 J - the amulet of Trepidation (around neck) {Reflect Regen+ rCorr Str+3 Dex+3 SH+5}
   (You found it in a Gauntlet)

   [amulet of reflection]

   Reflect:   It reflects blocked missile attacks.
   Str+3:     It affects your strength (+3).
   Dex+3:     It affects your dexterity (+3).
   Regen+:    It increases your rate of health regeneration.
   rCorr:     It protects you from acid and corrosion.
   SH+5:      It affects your SH (+5).
Wands
 i - a wand of polymorph (14)
 m - a wand of charming (2)
 o - a wand of mindburst (17)
Scrolls
 d - 4 scrolls of teleportation
 t - a scroll of revelation
 C - 2 scrolls of fear
 D - a scroll of fog
Potions
 h - a potion of cancellation {unknown}
 k - a potion of resistance
 l - a potion of curing
 p - a potion of haste {unknown}
 s - a potion of ambrosia {unknown}
 u - a potion of lignification {unknown}
 x - a potion of degeneration {unknown}
 z - a potion of might {unknown}


   Skills:
 + Level 8.1 Fighting
 + Level 8.1 Short Blades
 + Level 8.1 Long Blades
 + Level 8.1 Axes
 + Level 8.1 Maces & Flails
 + Level 8.1 Polearms
 + Level 8.1 Staves
 + Level 8.1 Ranged Weapons
 + Level 8.1 Throwing
 + Level 8.1 Armour
 + Level 9.3 Dodging
 + Level 9.2 Stealth
 + Level 8.1 Shields
 + Level 8.1 Unarmed Combat
 + Level 9.6 Spellcasting
 + Level 9.9 Conjurations
 + Level 6.7 Hexes
 + Level 6.7 Summonings
 + Level 6.7 Necromancy
 + Level 6.7 Translocations
 + Level 6.7 Fire Magic
 + Level 6.7 Ice Magic
 + Level 6.7 Air Magic
 + Level 6.7 Earth Magic
 + Level 6.7 Alchemy
 + Level 8.8 Invocations
 + Level 8.1 Evocations
 + Level 7.3 Shapeshifting


You had 19 spell levels left.
You knew the following spells:

 Your Spells              Type           Power      Damage    Failure   Level
a - Magic Dart            Conj           100%       1d8       1%          1
b - Searing Ray           Conj           100%       2d8       1%          2
c - Fulminant Prism       Conj/Alch      26%        3d14      1%          4
d - Iskenderun's Mystic   Conj/Tloc      52%        2d11      1%          4

Your spell library contained the following spells:

 Spells                   Type           Power      Damage    Failure   Level
 Inner Flame              Hex/Fire       45%        N/A       1%          3
 Sting                    Conj/Alch      100%       1d9       1%          1
 Cigotuvi's Dreadful Rot  Necr/Alch/Air  90%        N/A       1%          2
 Jinxbite                 Hex            90%        N/A       1%          2
 Mercury Vapours          Alch/Air       90%        N/A       1%          2
 Olgreb's Toxic Radiance  Alch           45%        N/A       1%          4
 Summon Ice Beast         Ice/Summ       45%        N/A       2%          3
 Yara's Violent Unravell  Hex/Alch       22%        3d10      5%          5
 Dispel Undead            Necr           45%        3d17      7%          4
 Martyr's Knell           Necr/Summ      45%        N/A       7%          4
 Summon Mana Viper        Hex/Summ       45%        N/A       21%         5
 Enfeeble                 Hex            22%        N/A       99%         7
 Monstrous Menagerie      Summ           22%        N/A       99%         7


Dungeon Overview and Level Annotations

Branches:
Dungeon (11/15)            Temple (1/1) D:7            Lair (1/5) D:11
    Orc (2/2) D:10         Bailey (visited)         Gauntlet (1/1)
    Elf: Orc:2

Altars:
Ashenzari
Cheibriados
Dithmenos
Elyvilon
Fedhas
Gozag
Hepliaklqana
Kikubaaqudgha
Makhleb
Nemelex Xobeh
Okawaru
Qazlal
Ru
Sif Muna
Trog
Uskayaw
Vehumet
Wu Jian
Xom
Yredelemnul
Zin
The Shining One
Beogh

Shops:
D:1 ?   D:3 !:

Portals:
Trove: D:11 (give 5 scrolls of blinking)

Annotations:
D:2 1 runed translucent door, Crazy Yiuf
D:10 1 runed translucent door, DEFE's ghost, journeyman CoFi Gauntlet 8 transporters, 2 runed translucent doors, exclusion: 3 lightning spires


Innate Abilities, Weirdness & Mutations

You have very sharp teeth.
Your uncanny sense of smell can sniff out nearby items.
Your experience applies equally to all skills.


Message History

The minotaur is heavily wounded.
The minotaur hits you!! You block the minotaur's attack.
A red film seems to cover your vision as you go berserk!
You feel yourself moving faster!
You feel mighty! The minotaur barely misses you.
The minotaur gores you but does no damage.
You barely miss the minotaur.
The minotaur furiously retaliates!
The minotaur headbutts you.
The minotaur is heavily wounded.
You hit the minotaur but do no damage.
You bite the minotaur, but do no damage.
The minotaur is heavily wounded.
The minotaur hits you but does no damage.
The minotaur gores you!
You closely miss the minotaur.
The minotaur furiously retaliates!
The minotaur headbutts you, but does no damage.
Your bite misses the minotaur.
The minotaur is heavily wounded.
You hit the minotaur but do no damage.
The minotaur looks as sick as possible!
The minotaur is heavily wounded.
The minotaur hits you!
* * * LOW HITPOINT WARNING * * *
The minotaur gores you!
* * * LOW HITPOINT WARNING * * *
You whack the minotaur!
The minotaur looks as sick as possible!
The minotaur is heavily wounded.
You whack the minotaur!
The minotaur looks as sick as possible!
Your bite misses the minotaur.
The minotaur is severely wounded.
The minotaur hits you!!
* * * LOW HITPOINT WARNING * * *
The minotaur misses you.
You completely miss the minotaur.
The minotaur furiously retaliates!
The minotaur headbutts you, but does no damage.
The minotaur is severely wounded.
You whack the minotaur!
The minotaur looks as sick as possible!
You bite the minotaur, but do no damage.
The minotaur is severely wounded.
The minotaur misses you. The minotaur gores you!
You die...

### ≈≈≈ ≈∩ ..
###. ...
######H#######
.......@.....#
.###.###.###.#
#.###.###.###.#
#.............#
###.###.###.###
###.###.###.###
#.............#
##...©.©.©...##
######
##..ß.ß.ß..##
####


You could see a minotaur (extremely poisoned).

Vanquished Creatures
  3 two-headed ogres
  The ghost of seren the Martial Artist, a novice OpSh of Gozag (D:11)
  3 sixfirhies (Gauntlet)
  Sonja (D:11)
  Pikel (D:6)
  An obsidian bat (Orc:1)
  A wolf spider (Gauntlet)
  An orc sorcerer (Orc:1)
  3 cyclopes
  An ugly thing (D:9)
  A moth of wrath (Gauntlet)
  Joseph (D:9)
  A rime drake (D:11)
  Maggie (D:9)
  3 komodo dragons
  2 trolls
  Prince Ribbit (D:6)
  Grinder (D:6)
  A hornet (D:9)
  5 blink frogs (Lair:1)
  A vampire (D:10)
  2 wraiths
  A wyvern (D:8)
  21 yaks
  A steam dragon (D:7)
  4 redbacks (Gauntlet)
  4 vampire mosquitoes
  Edmund (D:4)
  3 water moccasins
  An acid dragon (D:9)
  4 orc warriors
  2 sky beasts (D:7)
  6 ice beasts
  2 black bears
  7 ogres
  3 wolves (D:11)
  3 centaurs
  4 lemures
  A phantom (D:7)
  3 kobold brigands
  7 bullfrogs
  A scorpion (D:5)
  A gnoll sergeant (D:8)
  18 killer bees
  A wolf zombie (Bailey)
  A vampire bat (Bailey)
  2 howler monkeys
  4 hounds
  2 bombardier beetles (D:5)
  3 jellies (D:6)
  A gnoll bouda (D:4)
  6 orc priests
  5 iguanas
  A sleepcap (D:6)
  Jessica (D:3)
  7 orc wizards
  Robin (D:2)
  15 gnolls
  7 adders
  2 white imps
  2 ufetubi (D:5)
  2 dart slugs
  A ribbon worm (D:3)
  30 orcs
  8 endoplasms
  20 goblins
  5 hobgoblins
  3 jackals (D:4)
  12 kobolds
  3 quokkas
  4 ball pythons
  6 bats
  A frilled lizard (D:2)
  7 orc zombies (Bailey)
  5 rats
302 creatures vanquished.

Vanquished Creatures (others)
  123 fulminant prisms
123 creatures vanquished.

Grand Total: 425 creatures vanquished

Notes
Turn   | Place    | Note
-------+----------+-------------------------------------------
     0 | D:1      | shadizar the Gnoll Conjurer began the quest for the Orb.
     0 | D:1      | Reached XP level 1. HP: 13/13 MP: 6/6
   197 | D:1      | Reached XP level 2. HP: 19/19 MP: 1/7
   332 | D:1      | Found Axkon's Magic Scroll Shop.
   558 | D:1      | Found a faded altar of an unknown god.
  1182 | D:2      | Reached skill level 5 in Spellcasting
  1182 | D:2      | Reached XP level 3. HP: 25/25 MP: 5/9
  1588 | D:2      | Reached skill level 1 in Invocations
  1590 | D:2      | Noticed Robin
  1698 | D:1      | Learned a level 2 spell: Searing Ray
  1704 | D:2      | Killed Robin
  1705 | D:2      | Reached skill level 1 in Fighting
  1705 | D:2      | Reached skill level 1 in Short Blades
  1705 | D:2      | Reached skill level 1 in Long Blades
  1705 | D:2      | Reached skill level 1 in Axes
  1705 | D:2      | Reached skill level 1 in Maces & Flails
  1705 | D:2      | Reached skill level 1 in Polearms
  1705 | D:2      | Reached skill level 1 in Staves
  1705 | D:2      | Reached skill level 1 in Ranged Weapons
  1705 | D:2      | Reached skill level 1 in Throwing
  1705 | D:2      | Reached skill level 1 in Armour
  1705 | D:2      | Reached skill level 1 in Shields
  1705 | D:2      | Reached skill level 1 in Unarmed Combat
  1705 | D:2      | Reached skill level 1 in Evocations
  1711 | D:2      | Reached skill level 1 in Shapeshifting
  1711 | D:2      | Reached XP level 4. HP: 32/32 MP: 0/11
  1899 | D:2      | Reached skill level 1 in Hexes
  1899 | D:2      | Reached skill level 1 in Summonings
  1899 | D:2      | Reached skill level 1 in Necromancy
  1899 | D:2      | Reached skill level 1 in Translocations
  1899 | D:2      | Reached skill level 1 in Fire Magic
  1899 | D:2      | Reached skill level 1 in Ice Magic
  1899 | D:2      | Reached skill level 1 in Air Magic
  1899 | D:2      | Reached skill level 1 in Earth Magic
  1899 | D:2      | Reached skill level 1 in Alchemy
  2000 | D:2      | Found a runed translucent door.
  2001 | D:2      | Noticed Crazy Yiuf
  2402 | D:3      | Found Fostrow's Distillery.
  2482 | D:3      | Reached XP level 5. HP: 27/37 MP: 2/12
  2640 | D:3      | Found Gisoid Bigo's Vocational Training.
  3069 | D:3      | Noticed Jessica
  3073 | D:3      | Killed Jessica
  3544 | D:4      | Identified the +2 scale mail of Refuge {Fly Regen+ Str-3
                  | Dex+8 Stlth-}
  3732 | D:4      | Noticed Edmund
  4128 | D:4      | Reached XP level 6. HP: 39/44 MP: 2/13
  4354 | D:5      | Entered Level 5 of the Dungeon
  4390 | D:5      | Reached skill level 5 in Dodging
  5055 | D:5      | Reached XP level 7. HP: 46/51 MP: 9/15
  5511 | D:5      | Reached skill level 5 in Stealth
  5681 | D:5      | Learned a level 4 spell: Fulminant Prism
  5686 | D:5      | Learned a level 4 spell: Iskenderun's Mystic Blast
  5860 | D:6      | Reached XP level 8. HP: 41/58 MP: 1/16
  6027 | D:6      | Noticed Grinder
  6034 | D:6      | Killed Grinder
  6195 | D:6      | Identified the +2 mace "Upledde" {drain, SInv}
  6513 | D:6      | Noticed Prince Ribbit
  6587 | D:6      | Killed Prince Ribbit
  6914 | D:6      | Noticed Pikel
  7051 | D:6      | Killed Pikel
  7052 | D:6      | Reached XP level 9. HP: 32/65 MP: 1/18
  7675 | D:6      | Found a broken altar of Ashenzari.
  7763 | D:6      | Found an ancient bone altar of Kikubaaqudgha.
  7764 | D:6      | Found a snail-covered altar of Cheibriados.
  7868 | D:7      | Found a flagged portal.
  8005 | Bailey   | Entered a bailey
  8178 | Bailey   | Noticed a gargoyle
  8629 | D:7      | Reached skill level 5 in Invocations
  9090 | D:7      | Found a staircase to the Ecumenical Temple.
  9096 | Temple   | Entered the Ecumenical Temple
  9105 | Temple   | Became a worshipper of Vehumet
 10282 | D:4      | Killed Edmund
 10283 | D:4      | Reached skill level 5 in Fighting
 10283 | D:4      | Reached skill level 5 in Short Blades
 10283 | D:4      | Reached skill level 5 in Long Blades
 10283 | D:4      | Reached skill level 5 in Axes
 10283 | D:4      | Reached skill level 5 in Maces & Flails
 10283 | D:4      | Reached skill level 5 in Polearms
 10283 | D:4      | Reached skill level 5 in Staves
 10283 | D:4      | Reached skill level 5 in Ranged Weapons
 10283 | D:4      | Reached skill level 5 in Throwing
 10283 | D:4      | Reached skill level 5 in Armour
 10283 | D:4      | Reached skill level 5 in Shields
 10283 | D:4      | Reached skill level 5 in Unarmed Combat
 10283 | D:4      | Reached skill level 5 in Evocations
 10283 | D:4      | Reached XP level 10. HP: 56/74 MP: 1/20
 11160 | D:8      | Reached * piety under Vehumet
 11160 | D:8      | Offered knowledge of Foxfire by Vehumet.
 12419 | D:9      | Noticed Maggie
 12522 | D:9      | Killed Maggie
 12523 | D:9      | Reached skill level 5 in Shapeshifting
 13261 | D:9      | Noticed Joseph
 13489 | D:9      | Killed Joseph
 13739 | D:9      | Found a shimmering altar of Xom.
 13977 | D:9      | Found a basalt altar of Yredelemnul.
 13980 | D:9      | Found a bloodstained altar of Trog.
 14118 | D:9      | Noticed a two-headed ogre
 14127 | D:9      | Killed a two-headed ogre
 14128 | D:9      | Reached skill level 5 in Hexes
 14128 | D:9      | Reached skill level 5 in Summonings
 14128 | D:9      | Reached skill level 5 in Necromancy
 14128 | D:9      | Reached skill level 5 in Translocations
 14128 | D:9      | Reached skill level 5 in Fire Magic
 14128 | D:9      | Reached skill level 5 in Ice Magic
 14128 | D:9      | Reached skill level 5 in Air Magic
 14128 | D:9      | Reached skill level 5 in Earth Magic
 14128 | D:9      | Reached skill level 5 in Alchemy
 14128 | D:9      | Reached XP level 11. HP: 81/81 MP: 2/23
 14339 | D:9      | Noticed a cyclops
 14560 | D:9      | Killed a cyclops
 14736 | D:9      | Noticed a cyan ugly thing
 14840 | D:9      | Noticed a cyclops
 14868 | D:10     | Entered Level 10 of the Dungeon
 14979 | D:10     | Noticed a two-headed ogre
 15022 | D:10     | Killed a two-headed ogre
 15022 | D:10     | Offered knowledge of Freeze by Vehumet.
 15291 | D:10     | Reached ** piety under Vehumet
 15477 | D:10     | Found a staircase to the Orcish Mines.
 15675 | D:10     | Found a runed translucent door.
 15676 | D:10     | Noticed DEFE's ghost (journeyman CoFi)
 15681 | D:10     | Noticed a two-headed ogre
 15696 | D:10     | Killed a two-headed ogre
 16465 | Orc:1    | Entered Level 1 of the Orcish Mines
 16465 | Orc:1    | Found a roughly hewn altar of Beogh.
 16536 | Orc:1    | Noticed an orc sorcerer
 16630 | Orc:1    | Killed an orc sorcerer
 16724 | Orc:1    | Noticed an obsidian bat
 17613 | Orc:2    | Entered Level 2 of the Orcish Mines
 18045 | Orc:2    | Noticed an obsidian bat
 18212 | Orc:2    | Noticed an obsidian bat
 18214 | Orc:2    | Noticed an orc sorcerer
 18251 | Orc:1    | Killed an obsidian bat
 18680 | D:9      | Killed a cyclops
 18681 | D:9      | Reached XP level 12. HP: 63/91 MP: 3/24
 18764 | D:9      | Identified the ring of the Well-Known Ears {^Drain rPois
                  | rF+ Will++ Int+2}
 18965 | D:9      | Noticed a boulder beetle
 19085 | D:11     | Noticed Sonja
 19090 | D:11     | Killed Sonja
 19981 | D:11     | Offered knowledge of Inner Flame by Vehumet.
 20675 | D:11     | Found a portal to a secret trove of treasure.
 20713 | D:11     | Found a staircase to the Lair.
 20816 | D:11     | Found a runed translucent door.
 20839 | D:11     | Identified the +6 whip "Demon's Death" {venom, rElec}
 21041 | D:11     | Noticed seren's ghost (novice OpSh)
 21058 | D:11     | Killed seren's ghost
 21232 | Lair:1   | Entered Level 1 of the Lair of Beasts
 21457 | Lair:1   | Reached *** piety under Vehumet
 21675 | Lair:1   | Found a gate leading to a gauntlet.
 21686 | Gauntlet | Entered a Gauntlet
 21686 | Gauntlet | Found a transporter.
 21687 | Gauntlet | Found a runed translucent door.
 21690 | Gauntlet | Found a transporter.
 21692 | Gauntlet | Found a transporter.
 21692 | Gauntlet | Noticed a quicksilver ooze
 21696 | Gauntlet | Found a transporter.
 21697 | Gauntlet | Found a transporter.
 21699 | Gauntlet | Found a transporter.
 21713 | Gauntlet | Found a transporter.
 21756 | Gauntlet | Found a runed translucent door.
 21771 | Gauntlet | Found a transporter.
 21834 | Gauntlet | Found a transporter.
 21838 | Gauntlet | Found a transporter.
 21842 | Gauntlet | Found a transporter.
 21860 | Gauntlet | Found a transporter.
 22043 | Gauntlet | Identified the +1 hat "Zaafikh" {rPois rC- Regen+ rCorr
                  | Str-3}
 22050 | Gauntlet | Identified the +2 mace of Luxury {freeze, rC+}
 22076 | Gauntlet | Identified the amulet of Trepidation {Reflect Regen+ rCorr
                  | Str+3 Dex+3 SH+5}
 22078 | Gauntlet | Identified the +5 hat of the Well-Known Mouths {rElec rCorr
                  | Str-4 Int+4}
 22183 | Gauntlet | Noticed a minotaur
 22198 | Gauntlet | HP: 5/138 [minotaur (25)]
 22200 | Gauntlet | Mangled by a minotaur

Illustrated notes

Levels and vault maps discovered:
D:1:      mrwooster_arrival_statue, layout_basic, ebering_ecumenical_altar_rust,
          serial_shops, nicolae_shop_stone, minivault_11, kennysheep_boxes
D:2:      layout_basic, serial_aquarium, aquarium_bridge_long_separate
          [aquarium_subvault_window, aquarium_subvault_bridge,
          aquarium_subvault_wall, aquarium_subvault_wall,
          aquarium_subvault_bridge, aquarium_subvault_bridge],
          aquarium_bridge_square [aquarium_subvault_bridge,
          aquarium_subvault_bridge, aquarium_subvault_bridge,
          aquarium_subvault_wall], aquarium_window_fake, aquarium_window_1,
          aquarium_view_4, aquarium_view_2f, aquarium_balcony_3a, uniq_robin,
          uniq_crazy_yiuf_cottage
D:3:      layout_basic, serial_shops, shop, nicolae_shop_vocational,
          uniq_jessica
D:4:      layout_rooms, serial_co_window_serial, co_window_paths_a,
          co_window_paths_a, co_window_of_opportunity_a, co_window_paths_b,
          co_window_paths_a, co_window_cross_2, co_window_corner_b,
          co_window_corner_ca, co_window_cross_4, co_window_of_opportunity_b,
          co_window_corner_cb, co_window_4corner_a, co_window_paths_d,
          uniq_edmund
D:5:      layout_basic
D:6:      layout_loops_ring, mainiacjoe_overflow_surrounded_room,
          gammafunk_temple_overflow_statue, minmay_misc_feat_iff, uniq_grinder,
          uniq_pikel, uniq_prince_ribbit1
D:7:      layout_basic, minmay_temple_entry_enclosed_plants, enter_bailey_5
D:8:      layout_cave_pods
D:9:      minmay_the_grid_triangle_9x9_rhombus_thin_mashed
          [minmay_the_grid_triangle_9x9_swiss_cheese,
          minmay_the_grid_triangle_9x9_prize_special,
          minmay_the_grid_triangle_9x9_longest,
          minmay_the_grid_triangle_9x9_pentomino_pain], layout_irregular_city,
          grunt_temple_overflow_open, uniq_maggie, uniq_joseph
D:10:     layout_long_grid, orc_0_dummy, gammafunk_ghost_grave,
          chequers_serial_rivers_micro_e
D:11:     layout_cave_pools, hellmonk_lair_entry_icy,
          ebering_ghost_reflecting_pool, enter_trove_2, uniq_sonja
Temple:   nicolae_temple_bog_church
Lair:1:   layout_misc_corridors, gauntlet_entry_generic, st_stairs_5,
          minivault_25, serial_bayou_ford_a, serial_bayou_shore_b
Orc:1:    layout_caves, basic_altar, nicolae_orc_stalacmites,
          dreamdust_deal_with_the_devil
Orc:2:    grunt_orc_community_town_hall, layout_caves,
          grunt_orc_community_big_house_2, grunt_orc_community_big_house_1,
          grunt_orc_community_house_3, grunt_orc_community_house_2,
          grunt_orc_community_house_1, grunt_orc_community_house_1,
          minmay_orc_temple_a
Gauntlet: minmay_gauntlet_mixed_oops_all_seconds
          [minmay_gauntlet_arena_77_shame_cube,
          gammafunk_gauntlet_arena_split_x, minmay_gauntlet_arena_77_museum,
          gammafunk_gauntlet_arena_teeth, minmay_gauntlet_arena_77_box,
          gammafunk_gauntlet_arena_split_diamond, gauntlet_exit_watery]

Skill      XL: |  1  2  3  4  5  6  7  8  9 10 11 12 |
---------------+-------------------------------------+-----
Spellcasting   | 5 6 7 8 9 |  9.6
Invocations    | 1 2 3 4 5 6 7 8 |  8.8
Fighting       | 1 2 3 4 5 6 7 8 |  8.1
Short Blades   | 1 2 3 4 5 6 7 8 |  8.1
Long Blades    | 1 2 3 4 5 6 7 8 |  8.1
Axes           | 1 2 3 4 5 6 7 8 |  8.1
Maces & Flails | 1 2 3 4 5 6 7 8 |  8.1
Polearms       | 1 2 3 4 5 6 7 8 |  8.1
Staves         | 1 2 3 4 5 6 7 8 |  8.1
Ranged Weapons | 1 2 3 4 5 6 7 8 |  8.1
Throwing       | 1 2 3 4 5 6 7 8 |  8.1
Armour         | 1 2 3 4 5 6 7 8 |  8.1
Shields        | 1 2 3 4 5 6 7 8 |  8.1
Unarmed Combat | 1 2 3 4 5 6 7 8 |  8.1
Evocations     | 1 2 3 4 5 6 7 8 |  8.1
Shapeshifting  | 1 2 3 4 5 6 7 |  7.3
Hexes          | 1 2 3 4 5 6 |  6.7
Summonings     | 1 2 3 4 5 6 |  6.7
Necromancy     | 1 2 3 4 5 6 |  6.7
Translocations | 1 2 3 4 5 6 |  6.7
Fire Magic     | 1 2 3 4 5 6 |  6.7
Ice Magic      | 1 2 3 4 5 6 |  6.7
Air Magic      | 1 2 3 4 5 6 |  6.7
Earth Magic    | 1 2 3 4 5 6 |  6.7
Alchemy        | 1 2 3 4 5 6 |  6.7
Dodging        | 5 6 7 8 9 |  9.3
Stealth        | 5 6 7 8 9 |  9.2
Conjurations   | 8 9 |  9.9

Action                     |  1- 3 |  4- 6 |  7- 9 | 10-12 || total
---------------------------+-------+-------+-------+-------++-------
  Melee: Dagger            |       |       |    32 |   121 ||   153
         Bite              |       |       |     1 |    17 ||    18
         Whip              |       |       |       |    52 ||    52
         Mace              |       |       |       |    11 ||    11
   Cast: Magic Dart        |    66 |   134 |   172 |   146 ||   518
         Searing Ray       |     1 |     3 |     2 |       ||     6
         Fulminant Prism   |       |       |    32 |    91 ||   123
         Iskenderun's Myst |       |       |    33 |   159 ||   192
    Use: Scroll            |       |     1 |     8 |    11 ||    20
         Potion            |       |       |     1 |     7 ||     8
 Armour: Robe              |     6 |    25 |    64 |    53 ||   148
         Ring mail         |       |       |       |   148 ||   148
         Swamp dragon scal |       |       |       |    75 ||    75
  Dodge: Dodged            |     5 |    26 |    55 |   174 ||   260
  Block: Other             |       |       |       |     1 ||     1

Table legend: (Time is in decaauts)
 A = Elapsed time spent in this place.
 B = Non-inter-level travel time spent in this place.
 C = Inter-level travel time spent in this place.
 D = Time resting spent in this place.
 E = Time spent auto-exploring this place.
 F = Levels seen in this place.
 G = Mean time per level.
                   A        B        C        D        E       F      G
               +--------+--------+--------+--------+--------+-----+--------+
         Total |  22208 |  20958 |   1250 |      0 |  17104 |  17 | 1306.4 |
       Dungeon |  19612 |  18367 |   1245 |      0 |  15426 |  11 | 1782.9 |
        Temple |     17 |     17 |      0 |      0 |      0 |   1 |   17.0 |
          Lair |    333 |    333 |      0 |      0 |    184 |   1 |  333.0 |
  Orcish Mines |   1504 |   1499 |      5 |      0 |   1108 |   2 |  752.0 |
        Bailey |    233 |    233 |      0 |      0 |    173 |   1 |  233.0 |
      Gauntlet |    506 |    506 |      0 |      0 |    212 |   1 |  506.0 |
               +--------+--------+--------+--------+--------+-----+--------+

Top non-repeatable levels by time:
    D:10: 3076 daAuts
     D:9: 2693 daAuts
     D:6: 2134 daAuts
     D:5: 1893 daAuts
     D:4: 1886 daAuts
     D:7: 1646 daAuts
     D:8: 1439 daAuts
     D:2: 1389 daAuts
     D:3: 1300 daAuts
   Orc:1: 1139 daAuts
     D:1: 1101 daAuts
    D:11: 1051 daAuts
Gauntlet: 506 daAuts
   Orc:2: 364 daAuts
  Lair:1: 333 daAuts
